 Dungeon Crawl Stone Soup version 0.29.1-15-g9cfb28693d (webtiles) character file.

Game seed: 11144152391198163160

25 Soleod the Chiller (level 3, 0/25 HPs)
             Began as a Gnoll Ice Elementalist on Apr 25, 2023.
             Slain by Robin
             ... wielding a +0 dagger
              (1 damage)
             ... on level 2 of the Dungeon.
             The game lasted 00:08:51 (994 turns).

Soleod the Chiller (Gnoll Ice Elementalist)          Turns: 994, Time: 00:08:51

Health: 0/25       AC:  5    Str:  7    XL:     3   Next: 6%
Magic:  4/9        EV: 13    Int: 16    God:
Gold:   72         SH:  0    Dex: 12    Spells: 11/12 levels left

rFire   . . .      SeeInvis .   (no weapon)
rCold   . . .      Faith    .   (no shield)
rNeg    . . .      Spirit   .   a - +0 robe
rPois   .          Reflect  .   (no helmet)
rElec   .          Harm     .   d - +2 cloak
rCorr   .          Rampage  .   (no gloves)
Will    .....                   (no boots)
Stlth   ++........              (no amulet)
HPRegen 0.08/turn               (no ring)
MPRegen 0.11/turn               (no ring)

@: no status effects
A: fangs 1, strong nose, distributed training
a: no special abilities


You were on level 2 of the Dungeon.
You visited 1 branch of the dungeon, and saw 2 of its levels.

You collected 72 gold pieces.

Inventory:

Armour
 a - a +0 robe (worn)
 d - a +2 cloak (worn)
Scrolls
 g - 2 scrolls of identify {unknown}
Potions
 b - a potion of magic
 c - a potion of brilliance {unknown}
 e - a potion of might {unknown}
 f - a potion of berserk rage {unknown}


   Skills:
 + Level 0.6 Fighting
 + Level 0.6 Short Blades
 + Level 0.6 Long Blades
 + Level 0.6 Axes
 + Level 0.6 Maces & Flails
 + Level 0.6 Polearms
 + Level 0.6 Staves
 + Level 0.6 Ranged Weapons
 + Level 0.6 Throwing
 + Level 0.6 Armour
 + Level 4.5 Dodging
 + Level 4.1 Stealth
 + Level 0.6 Shields
 + Level 0.6 Unarmed Combat
 + Level 5.0 Spellcasting
 + Level 0.4 Conjurations
 + Level 0.4 Hexes
 + Level 0.4 Summonings
 + Level 0.4 Necromancy
 + Level 0.4 Translocations
 + Level 0.4 Transmutations
 + Level 0.4 Fire Magic
 + Level 7.1 Ice Magic
 + Level 0.4 Air Magic
 + Level 0.4 Earth Magic
 + Level 0.4 Poison Magic
 + Level 0.8 Invocations
 + Level 0.6 Evocations


You had 11 spell levels left.
You knew the following spells:

 Your Spells              Type           Power      Damage    Failure   Level
a - Freeze                Ice            100%       1d11      1%          1

Your spell library contained the following spells:

 Spells                   Type           Power      Damage    Failure   Level
 Frozen Ramparts          Ice            52%        1d8       2%          3
 Ozocubu's Armour         Ice            26%        N/A       2%          3
 Magic Dart               Conj           20%        1d4       13%         1
 Searing Ray              Conj           10%        2d4       19%         2
 Hailstorm                Conj/Ice       16%        3d6       32%         4
 Fulminant Prism          Conj/Hex       2%         3d6       77%         4


Dungeon Overview and Level Annotations

Branches:
Dungeon (2/15)

Altars:

Annotations:
D:2 Robin


Innate Abilities, Weirdness & Mutations

You have very sharp teeth.
Your uncanny sense of smell can sniff out nearby items.
Your experience applies equally to all skills.


Message History

Robin hits you but does no damage.
A goblin comes into view. It is wielding a +0 club.
Robin flexes a bicep menacingly.
Robin throws the goblin at you! The goblin barely misses you.
Robin hits you with a +0 dagger. The goblin misses you.
A goblin comes into view. It is wielding a +0 dagger.
Robin barely misses you.
A goblin comes into view. It is wielding a +0 dagger.
The goblin misses you. Robin hits you with a +0 dagger.
The goblin barely misses you. Robin hits you but does no damage.
The goblin hits you with a +0 club. Robin hits you but does no damage.
The goblin hits you with a +0 club. The goblin misses you.
Robin closely misses you.
The goblin no longer looks unusually strong.
The goblin closely misses you. Robin hits you but does no damage.
The goblin misses you.
Robin says, "Bow before me, strongest of all the hobgoblins!"
The goblin closely misses you. The goblin misses you.
Robin roars a battlecry!
The goblin goes into a battle-frenzy!
The goblin no longer looks unusually strong.
The goblin barely misses you. Robin misses you.
The goblin no longer looks unusually strong.
The goblin misses you. The goblin hits you with a +0 club.
Robin roars a battlecry!
The goblins go into a battle-frenzy!
The goblin hits you with a +0 club.
* * * LOW HITPOINT WARNING * * *
Robin barely misses you. The goblin closely misses you. The goblin misses you.
Robin hits you with a +0 dagger.
* * * LOW HITPOINT WARNING * * *
The goblin barely misses you. The goblin hits you with a +0 club.
* * * LOW HITPOINT WARNING * * *
Robin hits you with a +0 dagger.
You die...

.
##############....
#gg@g.............
#g###.....###.##+#
# #.).....+.#
#.......#.# ###
#.......+.. .....
#.#.....#.########
#.#.....#.#.. ...
#.#.....#.#.######
###'###.#.#.....


You could see Robin and 3 goblins.

Vanquished Creatures
  3 ball pythons
  5 endoplasms (D:1)
  A giant cockroach (D:2)
  3 goblins
  2 hobgoblins (D:2)
  3 jackals (D:1)
  A quokka (D:2)
  2 rats (D:1)
  A spectral kobold (D:1)
21 creatures vanquished.

Notes
Turn   | Place    | Note
-------+----------+-------------------------------------------
     0 | D:1      | Soleod the Gnoll Ice Elementalist began the quest for the
                  | Orb.
     0 | D:1      | Reached XP level 1. HP: 13/13 MP: 6/6
    62 | D:1      | Found a faded altar of an unknown god.
   279 | D:1      | Reached XP level 2. HP: 19/19 MP: 5/7
   968 | D:2      | Noticed Robin
   969 | D:2      | Reached skill level 5 in Spellcasting
   969 | D:2      | Reached XP level 3. HP: 25/25 MP: 5/9
   994 | D:2      | HP: 1/25 [goblin/+0 club[Robin] (2)]
   994 | D:2      | Slain by Robin

Illustrated notes

Levels and vault maps discovered:
D:1:      saegor_arrival_simple_a, layout_rooms,
          dreamdust_ecumenical_altar_drowned_temple
D:2:      layout_basic, amethyst_killhole, minmay_hexomino_r4, uniq_terence,
          uniq_robin

Skill      XL: |  1  2 |
---------------+-------+-----
Spellcasting   | 5 |  5.0
Fighting       | |  0.6
Short Blades   | |  0.6
Long Blades    | |  0.6
Axes           | |  0.6
Maces & Flails | |  0.6
Polearms       | |  0.6
Staves         | |  0.6
Ranged Weapons | |  0.6
Throwing       | |  0.6
Armour         | |  0.6
Dodging        | |  4.5
Stealth        | |  4.1
Shields        | |  0.6
Unarmed Combat | |  0.6
Conjurations   | |  0.4
Hexes          | |  0.4
Summonings     | |  0.4
Necromancy     | |  0.4
Translocations | |  0.4
Transmutations | |  0.4
Fire Magic     | |  0.4
Ice Magic      | |  7.1
Air Magic      | |  0.4
Earth Magic    | |  0.4
Poison Magic   | |  0.4
Invocations    | |  0.8
Evocations     | |  0.6

Action                   || total
-------------------------++-------
 Cast: Freeze            ||    35
  Use: Scroll            ||     2
Armor: Robe              ||    16
Dodge: Dodged            ||    39
